3R
NORTHWEST TERRITORY BEAVERS @ ATHLETIC CLUB KC U-21
08/02/2037
 
TOP OF THE 1ST
Northwest Territory Beavers batting - Pitching for Athletic Club KC U-21 : RHP Iván Contreras
Pitching: RHP Iván Contreras
Batting: RHB Eduard Argelander 0-0: Ball
1-0: Foul Ball, location: 2F
1-1: Called Strike
1-2: Strikes out swinging
Batting: RHB Richard Mitchell 0-0: Ball
1-0: Ground out 2-3 (Groundball, 2R, EV 77.5 MPH)
Batting: LHB Snow Wang 0-0: Called Strike
0-1: Ball
1-1: Foul Ball, location: 2F
1-2: SINGLE (Line Drive, 9LS, EV 93.1 MPH)
Batting: LHB Javier Castro 0-0: Called Strike
0-1: Ball
1-1: Ball
2-1: Fly out, F9 (Flyball, 89M, EV 78.1 MPH)
Top of the 1st over - 0 runs, 1 hit, 0 errors, 1 left on base; Northwest Territory 0 - Athletic Club KC 0
BOTTOM OF THE 1ST
Athletic Club KC U-21 batting - Pitching for Northwest Territory Beavers : RHP Alfredo Romo
Pitching: RHP Alfredo Romo
Batting: RHB Kane Calvert 0-0: Fly out, F9 (Flyball, 89XD, EV 91.9 MPH)
Batting: SHB Román Rosales 0-0: Ground out 4-3 (Groundball, 4D, EV 106.9 MPH)
Batting: LHB Claudio Ramírez 0-0: Swinging Strike
0-1: Swinging Strike
0-2: Foul Ball, location: 2F
0-2: Ball
1-2: Strikes out swinging
Bottom of the 1st over - 0 runs, 0 hits, 0 errors, 0 left on base; Northwest Territory 0 - Athletic Club KC 0
TOP OF THE 2ND
Northwest Territory Beavers batting - Pitching for Athletic Club KC U-21 : RHP Iván Contreras
Batting: RHB Kiril Neuvel 0-0: Swinging Strike
0-1: Ball
1-1: Ball
2-1: Called Strike
2-2: Ball
3-2: Foul Ball, location: 2F
3-2: Strikes out swinging
Batting: LHB Mike Johnstone 0-0: Swinging Strike
0-1: Ball
1-1: Foul Ball, location: 2F
1-2: Ball
2-2: Strikes out swinging
Batting: LHB Blake Camden 0-0: Called Strike
0-1: Swinging Strike
0-2: Strikes out swinging
Top of the 2nd over - 0 runs, 0 hits, 0 errors, 0 left on base; Northwest Territory 0 - Athletic Club KC 0
BOTTOM OF THE 2ND
Athletic Club KC U-21 batting - Pitching for Northwest Territory Beavers : RHP Alfredo Romo
Batting: RHB Guillermo Alessandrini 0-0: Ball
1-0: Called Strike
1-1: Ball
2-1: SOLO HOME RUN (Flyball, 78XD, EV 106.9 MPH), Distance : 398 ft
Batting: LHB Thomas Nealy 0-0: Ground out 5-3 (Groundball, 56, EV 107.5 MPH)
Batting: SHB Noel Lancaster 0-0: Ball
1-0: Fly out, F4 (Popup, 4, EV 63.8 MPH)
Batting: RHB Milos Milic 0-0: Ground out 6-3 (Groundball, 6, EV 88.1 MPH)
Bottom of the 2nd over - 1 run, 1 hit, 0 errors, 0 left on base; Northwest Territory 0 - Athletic Club KC 1
TOP OF THE 3RD
Northwest Territory Beavers batting - Pitching for Athletic Club KC U-21 : RHP Iván Contreras
Batting: SHB Juan Gallardo 0-0: Ball
1-0: Swinging Strike
1-1: Foul Ball, location: 2F
1-2: Ball
2-2: Ball
3-2: Foul Ball, location: 2F
3-2: Strikes out swinging
Batting: RHB Cole Hewitt 0-0: Called Strike
0-1: Ball
1-1: Ball
2-1: Swinging Strike
2-2: Strikes out looking
Batting: RHB Eduard Argelander 0-0: Ball
1-0: Fly out, F8 (Flyball, 8LXD, EV 101.9 MPH)
Top of the 3rd over - 0 runs, 0 hits, 0 errors, 0 left on base; Northwest Territory 0 - Athletic Club KC 1
BOTTOM OF THE 3RD
Athletic Club KC U-21 batting - Pitching for Northwest Territory Beavers : RHP Alfredo Romo
Batting: LHB Ted Reed 0-0: Swinging Strike
0-1: Bunt missed!
0-2: DOUBLE (Line Drive, 7LM, EV 90.0 MPH)
Batting: RHB Heui-chung Tu 0-0: Foul Ball, location: 2F
0-1: Ball
1-1: Foul Ball, location: 2F
1-2: Ball
2-2: Foul Ball, location: 2F
2-2: Strikes out swinging
Batting: RHB Kane Calvert 0-0: Foul Ball, location: 2F
0-1: Ball
1-1: Foul Ball, location: 2F
1-2: Ball
2-2: Ball
3-2: Strikes out swinging
Batting: SHB Román Rosales 0-0: Ball
1-0: SINGLE (Groundball, 3L, EV 105.0 MPH) (infield hit)
Ted Reed to third
Batting: LHB Claudio Ramírez 0-0: Foul Ball, location: 2F
0-1: Foul Ball, location: 2F
0-2: Ball
1-2: Fly out, F9 (Line Drive, 9, EV 94.4 MPH)
Bottom of the 3rd over - 0 runs, 2 hits, 0 errors, 2 left on base; Northwest Territory 0 - Athletic Club KC 1
TOP OF THE 4TH
Northwest Territory Beavers batting - Pitching for Athletic Club KC U-21 : RHP Iván Contreras
Batting: RHB Richard Mitchell 0-0: Foul Ball, location: 2F
0-1: Foul Ball, location: 2F
0-2: Strikes out swinging
Batting: LHB Snow Wang 0-0: Foul Ball, location: 2F
0-1: Fly out, F7 (Flyball, 7S, EV 88.8 MPH)
Batting: LHB Javier Castro 0-0: Ball
1-0: Swinging Strike
1-1: Swinging Strike
1-2: Strikes out swinging
Top of the 4th over - 0 runs, 0 hits, 0 errors, 0 left on base; Northwest Territory 0 - Athletic Club KC 1
BOTTOM OF THE 4TH
Athletic Club KC U-21 batting - Pitching for Northwest Territory Beavers : RHP Alfredo Romo
Batting: RHB Guillermo Alessandrini 0-0: Ball
1-0: Ball
2-0: Ball
3-0: Called Strike
3-1: SINGLE (Line Drive, 8RS, EV 105.6 MPH)
Batting: LHB Thomas Nealy 0-0: Called Strike
0-1: Ball
1-1: Ball
2-1: Ball
3-1: Fly out, F7 (Flyball, 78S, EV 76.9 MPH)
Batting: SHB Noel Lancaster 0-0: Ball
1-0: Called Strike
1-1: Foul Ball, location: 2F
1-2: Fly out, F8 (Flyball, 8RM, EV 86.2 MPH)
Batting: RHB Milos Milic 0-0: SINGLE (Line Drive, 6D, EV 105.0 MPH)
Guillermo Alessandrini to second
Batting: LHB Ted Reed 0-0: Fly out, F9 (Flyball, 9S, EV 90.0 MPH)
Bottom of the 4th over - 0 runs, 2 hits, 0 errors, 2 left on base; Northwest Territory 0 - Athletic Club KC 1
TOP OF THE 5TH
Northwest Territory Beavers batting - Pitching for Athletic Club KC U-21 : RHP Iván Contreras
Batting: RHB Kiril Neuvel 0-0: Ball
1-0: Called Strike
1-1: Foul Ball, location: 2F
1-2: Ball
2-2: Hit by Pitch
Batting: LHB Mike Johnstone 0-0: Called Strike
0-1: Foul Ball, location: 2F
0-2: Foul Ball, location: 2F
0-2: Ball
1-2: Strikes out looking
Batting: LHB Blake Camden 0-0: Called Strike
0-1: Foul Ball, location: 2F
0-2: Ball
1-2: Ball
2-2: Ball
3-2: Base on Balls
Kiril Neuvel to second
Batting: SHB Juan Gallardo 0-0: Ball
1-0: Ball
2-0: Called Strike
2-1: Fielders Choice at 2nd, 4-6 (Groundball, 34D, EV 91.2 MPH)
Kiril Neuvel to third
Batting: RHB Cole Hewitt 0-0: Ball
1-0: Foul Ball, location: 2F
1-1: Called Strike
1-2: Foul Ball, location: 2F
1-2: Ball
2-2: Strikes out swinging
Top of the 5th over - 0 runs, 0 hits, 0 errors, 2 left on base; Northwest Territory 0 - Athletic Club KC 1
BOTTOM OF THE 5TH
Athletic Club KC U-21 batting - Pitching for Northwest Territory Beavers : RHP Alfredo Romo
Batting: RHB Heui-chung Tu 0-0: Foul Ball, location: 2F
0-1: Fly out, F8 (Flyball, 8LD, EV 96.9 MPH)
Batting: RHB Kane Calvert 0-0: Ball
1-0: Ball
2-0: Ground out 6-3 (Groundball, 6, EV 86.2 MPH)
Batting: SHB Román Rosales 0-0: SINGLE (Groundball, 4MD, EV 96.9 MPH)
Batting: LHB Claudio Ramírez 0-0: Called Strike
0-1: Swinging Strike
0-2: Strikes out looking
Bottom of the 5th over - 0 runs, 1 hit, 0 errors, 1 left on base; Northwest Territory 0 - Athletic Club KC 1
TOP OF THE 6TH
Northwest Territory Beavers batting - Pitching for Athletic Club KC U-21 : RHP Iván Contreras
Batting: RHB Eduard Argelander 0-0: Ball
1-0: Called Strike
1-1: Ball
2-1: Ball
3-1: Swinging Strike
3-2: Strikes out looking
Batting: RHB Richard Mitchell 0-0: Ball
1-0: Ball
2-0: Ball
3-0: Base on Balls
Batting: LHB Snow Wang 0-0: Ball
Richard Mitchell is caught stealing 2nd base 2-6
1-0: Swinging Strike
1-1: Foul Ball, location: 2F
1-2: Strikes out swinging
Top of the 6th over - 0 runs, 0 hits, 0 errors, 0 left on base; Northwest Territory 0 - Athletic Club KC 1
BOTTOM OF THE 6TH
Athletic Club KC U-21 batting - Pitching for Northwest Territory Beavers : RHP Alfredo Romo
Batting: RHB Guillermo Alessandrini 0-0: Ball
1-0: Called Strike
1-1: Ball
2-1: Swinging Strike
2-2: Ball
3-2: Base on Balls
Batting: LHB Thomas Nealy 0-0: Ball
1-0: SINGLE (Groundball, 4, EV 83.8 MPH) (infield hit)
Guillermo Alessandrini to second
Batting: SHB Noel Lancaster 0-0: Ball
1-0: Foul Ball, location: 2F
1-1: Fly out, F9 (Flyball, 9LMF, EV 83.1 MPH)
Batting: RHB Milos Milic 0-0: Called Strike
0-1: Fly out, F4 (Popup, 4, EV 62.5 MPH)
Batting: LHB Ted Reed 0-0: Ball
1-0: Fly out, F6 (Popup, 15, EV 83.1 MPH)
Bottom of the 6th over - 0 runs, 1 hit, 0 errors, 2 left on base; Northwest Territory 0 - Athletic Club KC 1
TOP OF THE 7TH
Northwest Territory Beavers batting - Pitching for Athletic Club KC U-21 : RHP Iván Contreras
Batting: LHB Javier Castro 0-0: Ball
1-0: Ball
2-0: Foul Ball, location: 2F
2-1: Ground out 4-3 (Groundball, 4, EV 81.2 MPH)
Batting: RHB Kiril Neuvel 0-0: Ball
1-0: Foul Ball, location: 2F
1-1: Called Strike
1-2: Fly out, F3 (Line Drive, 3, EV 68.8 MPH)
Batting: LHB Mike Johnstone 0-0: Ball
1-0: SINGLE (Groundball, 4MD, EV 100.6 MPH)
Batting: LHB Blake Camden 0-0: Called Strike
0-1: Ball
1-1: Swinging Strike
1-2: Strikes out looking
Top of the 7th over - 0 runs, 1 hit, 0 errors, 1 left on base; Northwest Territory 0 - Athletic Club KC 1
BOTTOM OF THE 7TH
Athletic Club KC U-21 batting - Pitching for Northwest Territory Beavers : RHP Alfredo Romo
Batting: RHB Heui-chung Tu 0-0: Fly out, F7 (Line Drive, 7, EV 95.6 MPH)
Batting: RHB Kane Calvert 0-0: Fly out, F7 (Flyball, 7S, EV 90.6 MPH)
Batting: SHB Román Rosales 0-0: Foul Ball, location: 2F
0-1: Ball
1-1: Ball
2-1: Called Strike
2-2: Strikes out looking
Bottom of the 7th over - 0 runs, 0 hits, 0 errors, 0 left on base; Northwest Territory 0 - Athletic Club KC 1
TOP OF THE 8TH
Northwest Territory Beavers batting - Pitching for Athletic Club KC U-21 : RHP Iván Contreras
Pitching: RHP Jeremy Fulton
Batting: SHB Juan Gallardo 0-0: Ball
1-0: SINGLE (Line Drive, 7LS, EV 108.8 MPH)
Pinch Hitting: LHB Martín Pliego 0-0: Foul Ball, location: 2F
0-1: Foul Ball, location: 2F
0-2: Ball
1-2: Foul Ball, location: 2F
1-2: Strikes out swinging
Batting: RHB Eduard Argelander 0-0: Ball
1-0: Bunted foul
1-1: Bunted foul
1-2: Foul Ball, location: 2F
1-2: SINGLE (Flyball, 89S, EV 95.0 MPH)
Juan Gallardo to second
Runner from 2nd tries for 3rd, SAFE, no throw by RF
Batting: RHB Richard Mitchell 0-0: SINGLE (Flyball, 8LS, EV 90.6 MPH)
Juan Gallardo scores
Eduard Argelander to second
Runner from 2nd tries for 3rd, OUT! 8-5
Batting: LHB Snow Wang 0-0: Ball
1-0: Ball
2-0: Ball
3-0: Called Strike
3-1: Base on Balls
Richard Mitchell to second
Batting: LHB Javier Castro 0-0: Foul Ball, location: 2F
0-1: Ball
1-1: Foul Ball, location: 2F
1-2: Ground out 4-3 (Groundball, 4, EV 83.1 MPH)
Top of the 8th over - 1 run, 3 hits, 0 errors, 2 left on base; Northwest Territory 1 - Athletic Club KC 1
BOTTOM OF THE 8TH
Athletic Club KC U-21 batting - Pitching for Northwest Territory Beavers : RHP Alfredo Romo
Now at C: Denie Aarsse
Batting: LHB Claudio Ramírez 0-0: Ball
1-0: Foul Ball, location: 2F
1-1: Swinging Strike
1-2: Strikes out swinging
Pitching: RHP Gonzalo Garibay
Batting: RHB Guillermo Alessandrini 0-0: Foul Ball, location: 2F
0-1: Ball
1-1: Ground out 5-3 (Groundball, 56, EV 80.6 MPH)
Batting: LHB Thomas Nealy 0-0: Ball
1-0: Ball
2-0: Ball
3-0: Base on Balls
Batting: SHB Noel Lancaster 0-0: Ball
1-0: Ground out 1-3 (Groundball, 34S, EV 83.8 MPH)
Bottom of the 8th over - 0 runs, 0 hits, 0 errors, 1 left on base; Northwest Territory 1 - Athletic Club KC 1
TOP OF THE 9TH
Northwest Territory Beavers batting - Pitching for Athletic Club KC U-21 : RHP Jeremy Fulton
Pitching: LHP Les Hannaford
Batting: RHB Kiril Neuvel 0-0: Called Strike
0-1: Ball
1-1: Called Strike
1-2: Foul Ball, location: 2F
1-2: SINGLE (Groundball, 56D, EV 96.2 MPH)
Pinch Hitting: SHB Carl Saunders 0-0: Called Strike
Kiril Neuvel steals 2nd base
0-1: Foul Ball, location: 2F
0-2: Ball
1-2: Ball
2-2: Foul Ball, location: 2F
2-2: Foul Ball, location: 2F
2-2: Ball
3-2: Base on Balls
Batting: LHB Blake Camden 0-0: Ball
1-0: Ball
2-0: Ground out 3-1 (Groundball, 3S, EV 85.6 MPH)
Kiril Neuvel to third
Carl Saunders to second
Batting: SHB Juan Gallardo 0-0: Intentional Walk
Pinch Hitting: LHB Liberaratore Cavalo 0-0: Called Strike
0-1: Ball
1-1: Foul Ball, location: 2F
1-2: Foul Ball, location: 2F
1-2: Ball
2-2: Ball
3-2: Fly out, F7 (Flyball, 7S, EV 82.5 MPH)
Batting: RHB Eduard Argelander 0-0: Foul Ball, location: 2F
0-1: Ball
1-1: Fly out, F9 (Flyball, 89M, EV 85.0 MPH)
Top of the 9th over - 0 runs, 1 hit, 0 errors, 3 left on base; Northwest Territory 1 - Athletic Club KC 1
BOTTOM OF THE 9TH
Athletic Club KC U-21 batting - Pitching for Northwest Territory Beavers : RHP Gonzalo Garibay
Now at C: Mark Mathews
Now at 1B: Patrick Sullivan
Pinch Hitting: LHB Rafael Padilla 0-0: Called Strike
0-1: Called Strike
0-2: Ball
1-2: Ball
2-2: Fly out, F6 (Popup, 6, EV 61.2 MPH)
Batting: LHB Ted Reed 0-0: Ground out 5-3 (Groundball, 5, EV 94.4 MPH)
Pinch Hitting: LHB Vicente Botín 0-0: Ball
1-0: Called Strike
1-1: Called Strike
1-2: Foul Ball, location: 2F
1-2: Foul Ball, location: 2F
1-2: Ball
2-2: Strikes out swinging
Bottom of the 9th over - 0 runs, 0 hits, 0 errors, 0 left on base; Northwest Territory 1 - Athletic Club KC 1
TOP OF THE 10TH
Northwest Territory Beavers batting - Pitching for Athletic Club KC U-21 : LHP Les Hannaford
Pitching: LHP Ian Airy
Now at C: Vicente Botín
Now at 1B: Qadir Abdul-Hafiz
Batting: RHB Richard Mitchell 0-0: SOLO HOME RUN (Line Drive, 89XD, EV 99.4 MPH), Distance : 403 ft
Batting: LHB Snow Wang 0-0: Ball
1-0: Foul Ball, location: 2F
1-1: Called Strike
1-2: Strikes out looking
Batting: LHB Javier Castro 0-0: Called Strike
0-1: Foul Ball, location: 2F
0-2: Foul Ball, location: 2F
0-2: Ball
1-2: Ball
2-2: Ball
3-2: Foul Ball, location: 2F
3-2: Fly out, F9 (Flyball, 9LS, EV 85.0 MPH)
Batting: RHB Kiril Neuvel 0-0: Ball
1-0: Ball
2-0: Ball
3-0: Base on Balls
Batting: SHB Patrick Sullivan 0-0: Ball
1-0: Ball
2-0: Ball
3-0: Called Strike
3-1: SINGLE (Line Drive, 9S, EV 93.8 MPH)
Kiril Neuvel to second
Runner from 2nd tries for 3rd, SAFE, throw by RF made to third
Batting: LHB Blake Camden Pickoff Throw to First - Out! 1-3
Top of the 10th over - 1 run, 2 hits, 0 errors, 1 left on base; Northwest Territory 2 - Athletic Club KC 1
BOTTOM OF THE 10TH
Athletic Club KC U-21 batting - Pitching for Northwest Territory Beavers : RHP Gonzalo Garibay
Pitching: RHP Adam Durango
Now at 2B: Zach Bass
Batting: RHB Kane Calvert 0-0: Ground out 4-3 (Groundball, 34, EV 89.4 MPH)
Batting: SHB Román Rosales 0-0: Ball
1-0: Ball
2-0: SINGLE (Groundball, 34D, EV 99.4 MPH)
Batting: LHB Claudio Ramírez 0-0: Ball
1-0: Ball
2-0: Called Strike
2-1: Called Strike
2-2: Strikes out swinging
Batting: RHB Guillermo Alessandrini 0-0: Fly out, F8 (Line Drive, 8LM, EV 93.1 MPH)
Bottom of the 10th over - 0 runs, 1 hit, 0 errors, 1 left on base; Northwest Territory 2 - Athletic Club KC 1
Thursday, January 23rd, 2020 - OOTP Baseball 20.8 Build 74